 Dungeon Crawl Stone Soup version 0.30.0-19-g36f170ea60 (webtiles) character file.

Game seed: 2309784345870785079

2205 MacCMillion the Zephyrmancer (level 9, -5/52 HPs)
             Began as a Tengu Air Elementalist on May 30, 2023.
             Slain by an unseen horror (11 damage)
             ... on level 6 of the Dungeon.
             The game lasted 00:15:13 (9612 turns).

MacCMillion the Zephyrmancer (TeAE)                 Turns: 9612, Time: 00:15:14

Health: -5/52      AC:  3    Str:  9    XL:     9   Next: 34%
Magic:  16/16      EV: 17    Int: 19    God:
Gold:   383        SH:  0    Dex: 15    Spells: 6/16 levels left

rFire   . . .        E - +2 dagger
rCold   + . .        (no shield)
rNeg    + . .        a - +0 robe
rPois   .            (helmet restricted)
rElec   .            r - +0 cloak
rCorr   .            (no gloves)
SInv    .            (boots unavailable)
Will    .....        (no amulet)
Stlth   ++           w - ring of positive energy
HPRegen 0.28/turn    y - ring of protection from cold
MPRegen 0.15/turn

%: no passive effects
@: flying quickly and evasively, quick
A: beak, talons 3, nimble flight
a: no special abilities


You were on level 6 of the Dungeon.
You visited 2 branches of the dungeon, and saw 8 of its levels.

You collected 383 gold pieces.

Inventory:

Hand Weapons
 c - a +0 dagger
 E - a +2 dagger (weapon)
Missiles
 v - a throwing net
Armour
 a - a +0 robe (worn)
 d - a scarf of invisibility
 r - a +0 cloak (worn)
Jewellery
 w - a ring of positive energy (left hand)
 y - a ring of protection from cold (right hand)
Wands
 z - a wand of paralysis (6)
Scrolls
 f - 4 scrolls of teleportation {unknown}
 g - 2 scrolls of fear {unknown}
 i - 4 scrolls of enchant weapon {unknown}
 j - 2 scrolls of identify {unknown}
 k - a scroll of blinking {unknown}
 m - 2 scrolls of noise {unknown}
 n - a scroll of immolation {unknown}
 s - a scroll of poison {unknown}
 t - 2 scrolls of vulnerability {unknown}
 A - a scroll of torment {unknown}
 C - a scroll of summoning {unknown}
 D - a scroll of amnesia {unknown}
Potions
 b - a potion of magic
 e - 4 potions of curing {unknown}
 h - 4 potions of brilliance {unknown}
 l - 2 potions of attraction {unknown}
 o - a potion of cancellation {unknown}
 p - a potion of might {unknown}
 q - a potion of mutation {unknown}
 u - a potion of lignification {unknown}
 x - 2 potions of heal wounds {unknown}
 B - a potion of flight {unknown}


   Skills:
 + Level 4.5 Fighting
 + Level 5.6 Dodging
 - Level 2.0 Stealth
 - Level 4.0 Spellcasting
 - Level 5.0 Conjurations
 + Level 11.7 Air Magic


You had 6 spell levels left.
You knew the following spells:

 Your Spells              Type           Power      Damage    Failure   Level
a - Shock                 Conj/Air       100%       1d9       1%          1
b - Static Discharge      Conj/Air       70%        2-5/arc   1%          2
c - Swiftness             Air            48%        N/A       1%          3
d - Airstrike             Air            24%        2d(4-20)  1%          4

Your spell library contained the following spells:

 Spells                   Type           Power      Damage    Failure   Level
 Kiss of Death            Conj/Necr      52%        2d9       4%          1
 Arcjolt                  Conj/Air       17%        1d27      12%         5
 Scorch                   Fire           6%         2d5       21%         2
 Confusing Touch          Hex            3%         N/A       38%         3
 Volatile Blastmotes      Fire/Tloc      6%         2d10      38%         3
 Flame Wave               Conj/Fire      13%        2d6       43%         4
 Dispel Undead            Necr           3%         3d7       80%         4
 Borgnjor's Vile Clutch   Necr/Erth      1%         N/A       98%         5
 Summon Cactus Giant      Summ           1%         N/A       100%        6
 Lehudib's Crystal Spear  Conj/Erth      6%         10d3      100%        8
 Necromutation            Tmut/Necr      1%         N/A       100%        8


Dungeon Overview and Level Annotations

Branches:
Dungeon (7/15)             Temple (1/1) D:4

Altars:
Cheibriados
Dithmenos
Elyvilon
Fedhas
Gozag
Hepliaklqana
Kikubaaqudgha
Makhleb
Okawaru
Qazlal
Sif Muna
Trog
Uskayaw
Xom

Shops:
D:2 [

Annotations:
D:4 3 runed translucent doors, speedhar's ghost, amateur GrFi
D:7 exclusion: hornet


Innate Abilities, Weirdness & Mutations

You have a beak for a mouth.
You have claws for feet.
Your magical nature lets you fly swiftly and evasively.


Message History

You kill the orc warrior!
You are struck by an arc of lightning.
You start resting.
HP restored.
You start resting.
Magic restored.
You now have 383 gold pieces (gained 10).
Things that are here:
a +0 hand axe; a +2 chain mail of poison resistance; an orc corpse You pick up Guniy's Atlas of Impulse and begin reading...
You add the spells Arcjolt and Lehudib's Crystal Spear to your library.
Okay, then.
Things that are here:
a +0 hand axe; a +2 chain mail of poison resistance; an orc corpse
f - 4 scrolls labelled OVOELE BICOL (gained 1)
There is a stone staircase leading up here.
h - 4 viscous emerald potions (gained 1)
e - 4 metallic green potions (gained 1)
There is a strange disturbance nearby!
Something hits you.
Deactivating autopickup; reactivate with Ctrl-A.
Something hits you! Something hits you. Something closely misses you.
There is a stone staircase leading up here.
Something hits you.
You fly upwards.
Reactivating autopickup.
There is a stone staircase leading down here.
No target in view!
You start resting.
Something hits you!
Deactivating autopickup; reactivate with Ctrl-A.
Something hits you!
* * * LOW HITPOINT WARNING * * *
Something hits you but does no damage. Something hits you but does no damage.
Something hits you.
* * * LOW HITPOINT WARNING * * *
Something hits you!
You die...

#..<....#..........#..........#..
#.......#..........#..........#..
#.......###..#######..........##.
######....#..#...........##+####.
.....#....#..#...........#.......
.....#...<#..#...........#.......
.....+....#..#..........(#.......
######....#'##...........###..##.
#...............@.#####....#..###
#.........>.......#...#....#.....
#.................'...'....'.....
#.................#...#....#..###
#....#'#############'##....######
#....#................#....#....#
#....#................#....#....'
#....###############..#....##+###
#....#..#..........####..........


There were no monsters in sight!

Vanquished Creatures
  2 orc warriors (D:7)
  An ice beast (D:6)
  A black bear (D:6)
  2 ogres (D:5)
  2 centaurs
  3 scorpions (D:5)
  3 bullfrogs
  10 wights (D:7)
  2 hounds
  A jelly (D:7)
  2 orc priests
  2 iguanas
  4 orc wizards
  12 gnolls
  13 adders
  A shadow imp (D:5)
  A worm (D:2)
  4 dart slugs
  12 orcs
  5 ball pythons
  6 endoplasms
  5 giant cockroaches
  2 goblins
  6 hobgoblins
  6 jackals
  6 kobolds
  7 quokkas
  4 bats (D:1)
  2 frilled lizards
  7 rats
134 creatures vanquished.

Notes
Turn   | Place    | Note
-------+----------+-------------------------------------------
     0 | D:1      | MacCMillion the Tengu Air Elementalist began the quest for
                  | the Orb.
     0 | D:1      | Reached XP level 1. HP: 10/10 MP: 4/4
   318 | D:1      | Reached XP level 2. HP: 13/15 MP: 1/6
   371 | D:1      | Learned a level 2 spell: Static Discharge
   687 | D:1      | Found a faded altar of an unknown god.
  1232 | D:1      | Reached XP level 3. HP: 18/19 MP: 4/7
  1941 | D:2      | Reached XP level 4. HP: 24/24 MP: 5/9
  1947 | D:2      | Reached skill level 5 in Air Magic
  2346 | D:2      | Found Lazxao's Antique Armour Emporium.
  2858 | D:3      | Gained mutation: Your magical nature lets you fly swiftly
                  | and evasively. [Tengu growth]
  2858 | D:3      | Reached XP level 5. HP: 28/28 MP: 7/10
  3299 | D:3      | Found an ancient bone altar of Kikubaaqudgha.
  3547 | D:3      | Learned a level 3 spell: Swiftness
  3552 | D:3      | Learned a level 4 spell: Airstrike
  3637 | D:3      | Found a snail-covered altar of Cheibriados.
  4210 | D:4      | Reached XP level 6. HP: 12/32 MP: 0/12
  4435 | D:4      | Reached skill level 6 in Air Magic
  4716 | D:4      | Found a runed translucent gate.
  4716 | D:4      | Found a runed translucent gate.
  4716 | D:4      | Found a runed translucent gate.
  4719 | D:4      | Noticed speedhar's ghost (amateur GrFi)
  4723 | D:4      | Identified the +10 dagger of Benevolence {freeze, rF+ Int+2
                  | Dex+4}
  5010 | D:4      | Found a staircase to the Ecumenical Temple.
  5192 | Temple   | Entered the Ecumenical Temple
  5192 | Temple   | Found a transporter.
  5192 | Temple   | Found a transporter.
  5194 | Temple   | Found a transporter.
  5194 | Temple   | Found a transporter.
  5435 | D:5      | Entered Level 5 of the Dungeon
  5584 | D:5      | Reached skill level 5 in Conjurations
  5792 | D:5      | Reached skill level 7 in Air Magic
  5792 | D:5      | Reached XP level 7. HP: 27/36 MP: 5/14
  6013 | D:5      | Found a white marble altar of Elyvilon.
  6017 | D:5      | Found an iron altar of Okawaru.
  6021 | D:5      | Found an opulent altar of Gozag.
  6073 | D:5      | Reached skill level 8 in Air Magic
  6282 | D:5      | Reached skill level 9 in Air Magic
  6912 | D:5      | Reached skill level 10 in Air Magic
  6912 | D:5      | Reached XP level 8. HP: 13/42 MP: 8/15
  7208 | D:6      | Reached skill level 1 in Fighting
  7654 | D:6      | Got the Tome of the Tropics and Cadavers
  8293 | D:7      | Noticed a hornet
  8742 | D:7      | Reached skill level 11 in Air Magic
  8831 | D:7      | Reached XP level 9. HP: 41/52 MP: 5/16
  8946 | D:7      | Reached skill level 5 in Dodging
  9516 | D:7      | Got Guniy's Atlas of Impulse
  9612 | D:6      | Slain by an unseen horror

Illustrated notes

Levels and vault maps discovered:
D:1:      kilobyte_arrival_exit_the_forest, layout_basic,
          nicolae_ecumenical_lake_church, dreamdust_mushroom_princess
D:2:      layout_rooms, serial_shops, shop, minmay_misc_feat_rugged
D:3:      layout_basic, mainiacjoe_overflow_alcove_2,
          mainiacjoe_overflow_alcove_4
D:4:      layout_basic, minmay_temple_entry_enclosed_plants,
          biasface_ghost_orc_armoury, st_stairs_6,
          amcnicky_mini_corridor_feature
D:5:      layout_cave_pods, nicolae_overflow_hidden_temple
D:6:      layout_gridville
D:7:      layout_loops_corners, minmay_misc_feat_nine_boxes,
          reono_crystal_passage, item_on_display_a
Temple:   hellmonk_temple_divided_pantheon

Skill      XL: |  1  2  3  4  5  6  7  8  9 |
---------------+----------------------------+-----
Conjurations   | 2 3 4 5 |  5.0
Air Magic      | 5 7 10 11 | 11.7
Spellcasting   | 3 4 |  4.0
Fighting       | 3 4 |  4.5
Dodging        | 4 5 |  5.6
Stealth        | |  2.0

Action                     |  1- 3 |  4- 6 |  7- 9 || total
---------------------------+-------+-------+-------++-------
  Melee: Dagger            |    13 |     4 |       ||    17
         Kick              |     3 |       |       ||     3
         Peck              |     1 |       |       ||     1
   Cast: Shock             |    60 |   136 |   136 ||   332
         Static Discharge  |     7 |    22 |    30 ||    59
   Stab: Sleeping          |     1 |     2 |       ||     3
 Armour: Robe              |     8 |     3 |     9 ||    20
  Dodge: Dodged            |    19 |    23 |    22 ||    64
